Construct Infanterie Kompanie
Construct Panzergrenadier Kompanie
Pak 40 Anti-tank Gun Team
Infanterie Officer Quarters
Panzergrenadier Officer Quarters
Selects Mechanized Battlegroup
Selects Mechanized Battlegroup
Selects StuG Assault Group
Selects Mobile Repair Stations
Selects Stoßtruppen Assault Package
Construct Panzer Kompanie
Selects UNKNOWN (2160084)
Selects UNKNOWN (2160084)
Pak 40 Anti-tank Gun Team
Selects Zeroing Artillery Barrage
Zeroing Artillery Barrage
Zeroing Artillery Barrage